AoeStats
← yangcongze30

Nomad

510210724Analyzed
3v3 RM · 1d ago on Sep 30, 2026· 30m 45s· 6 players
Game mode
Random Map
Map size
210×210
Population
200
Speed
Normal
Resources
Standard
Victory
Conquest
Starting age
Dark Age
Ending age
Imperial Age
RankedLock teamsTeams togetherTeam positionsShared explorationLock speedFull tech treeHidden civsTurbo modeCheats
Victory
Defeat
🇦🇷 Japanese · Argentina
1232
+13
🇺🇸 Celts · United States
1212
+14
🇮🇹 Goths · Italy
1155
+16
🇧🇷 Vietnamese · Brazil
1287
-18
🇧🇷 Huns · Brazil
1241
-17
🇧🇷 Danes · Brazil
980
-8
buzzkill
6:00 Loom
15:44 Feudal Age
16:29 Double-Bit Axe
22:04 Castle Age
24:30 Bow Saw
24:49 Husbandry
31:11 Scale Barding Armor
yangcongze30
4:02 Loom
13:34 Feudal Age
19:23 Castle Age
18:10 Double-Bit Axe
21:00 Fletching
22:15 Bow Saw
29:51 Horse Collar
30:05 Stone Mining
30:10 Gold Mining
LeChuck
5:33 Loom
13:12 Feudal Age
17:02 Castle Age
14:48 Double-Bit Axe
17:25 Fletching
17:59 Bow Saw
18:55 Bodkin Arrow
22:22 Wheelbarrow
24:42 Padded Archer Armor
27:25 Thumb Ring
29:18 Ballistics
29:47 Town Watch
30:02 Horse Collar
cafifi(*_*)#
4:36 Loom
13:47 Feudal Age
14:49 Double-Bit Axe
16:59 Fishing Lines
19:54 Padded Archer Armor
19:59 Horse Collar
26:02 Castle Age
25:25 Stone Mining
26:17 Wheelbarrow
Mustafá ™
3:22 Loom
13:34 Feudal Age
14:45 Double-Bit Axe
21:34 Castle Age
24:26 Bow Saw
24:08 Gold Mining
24:47 Husbandry
24:08 Light Cavalry
24:59 Bloodlines
25:43 Scale Barding Armor
27:27 Crossbowman
udhangafranz09
3:37 Loom
15:33 Feudal Age
15:59 Double-Bit Axe
23:20 Castle Age
21:52 Forging
22:09 Gold Mining
22:13 Stone Mining
22:33 Scale Mail Armor
24:43 Wheelbarrow
24:39 Town Watch
25:44 Gold Shaft Mining
29:16 Squires
30:03 Iron Casting
Connection lost

Rejoining the realm…

Still unreachable

The connection could not be restored.

Session expired

The server has moved on; the page needs a fresh start.